 Dungeon Crawl Stone Soup version 0.31-a0-271-gb88eb75e06 (webtiles) character file.

Game seed: 8574265271355068241

18 mdonais the Sneak (level 2, 0/18 HPs)
             Began as an Octopode Brigand on July 15, 2023.
             Was a Follower of Hepliaklqana.
             Slain by a jackal (3 damage)
             ... on level 1 of the Dungeon.
             The game lasted 00:02:14 (437 turns).

mdonais the Sneak (Octopode Brigand)                 Turns: 437, Time: 00:02:14

Health: 0/18       AC:  1    Str: 10    XL:     2   Next: 66%
Magic:  2/2        EV: 12    Int: 13    God:    Hepliaklqana [*.....]
Gold:   59         SH:  0    Dex: 13    Spells: 1/1 levels left

rFire   . . .        a - +2 dagger
rCold   . . .        (no shield)
rNeg    . . .        (helmet restricted)
rPois   .            (no amulet)
rElec   .            (no ring)
rCorr   .            (no ring)
SInv    .            (no ring)
Will    .....        (no ring)
Stlth   ++++         (no ring)
HPRegen 0.23/turn    (no ring)
MPRegen 0.08/turn    (no ring)
                     (no ring)

%: no passive effects
@: no status effects
A: reduced essence, almost no armour, amphibious, 8 rings, camouflage 1,
gelatinous body 1, (nimble swimmer 1), tentacles
a: Renounce Religion, Recall Ancestor, Ancestor Identity


You were on level 1 of the Dungeon.
You worshipped Hepliaklqana.
Hepliaklqana was aware of your devotion.
You visited 1 branch of the dungeon, and saw 1 of its levels.

You collected 59 gold pieces.

Inventory:

Hand Weapons
 a - a +2 dagger (weapon)
Missiles
 b - 9 poisoned darts (quivered)
 F - 3 curare-tipped darts
Scrolls
 e - 2 scrolls of identify {unknown}
Potions
 c - a potion of heal wounds {unknown}
 d - 3 potions of haste {unknown}
 f - a potion of degeneration {unknown}


   Skills:
 + Level 3.1 Fighting
 - Level 2.0 Short Blades
 - Level 2.0 Throwing
 - Level 1.0 Dodging
 - Level 5.3 Stealth


You had one spell level left.
You didn't know any spells.
Your spell library contained the following spells:

 Spells                   Type           Power      Damage    Failure   Level
 Apportation              Tloc           0%         N/A       30%         1
 Necrotise                Necr           0%         1d4       30%         1
 Summon Small Mammal      Summ           0%         N/A       30%         1


Dungeon Overview and Level Annotations

Branches:
Dungeon (1/15) Zot: 5564

Altars:
Hepliaklqana


Innate Abilities, Weirdness & Mutations

Your life essence is reduced to manifest your ancestor. (-10% HP)
You cannot wear most types of armour.
You are amphibious.
You can wear up to eight rings at the same time.
Your skin changes colour to match your surroundings (Stealth+).
Your rubbery body absorbs attacks. (AC +1, EV +1)
((You are camouflaged when in or above water. (Stealth+)))
You have tentacles for arms and can constrict up to eight enemies at once.


Message History

No target in view!
d - 3 silvery potions (gained 2)
You now have 39 gold pieces (gained 15).
e - a scroll labelled TOJ VOCRORAFAWK
f - a lumpy sapphire potion A bat comes into view.
Found 7 gold pieces.
A bat is nearby!
The helpless bat fails to defend itself.
You puncture the bat!
You kill the bat!
No target in view!
You see here a bat corpse.
No target in view!
You now have 46 gold pieces (gained 7).
A quokka comes into view.
A quokka is nearby!
A quokka is nearby!
Found a faded altar of an unknown god.
The helpless quokka fails to defend itself.
You impale the quokka!!
You kill the quokka!
No target in view!
No target in view!
No target in view!
No target in view!
No target in view!
No target in view!
No target in view!
No target in view!
No target in view!
No target in view!
No target in view!
No target in view!
You see here a quokka corpse.
An endoplasm comes into view.
Found 13 gold pieces.
An endoplasm is nearby!
An endoplasm is nearby!
An endoplasm is nearby!
Found 3 stones.
The helpless endoplasm fails to defend itself.
You impale the endoplasm!!
You kill the endoplasm!
Your Fighting skill increases to level 3!
Health restored: 21 No target in view!
No target in view!
No target in view!
No target in view!
No target in view!
No target in view!
No target in view!
No target in view!
No target in view!
No target in view!
No target in view!
No target in view!
You now have 59 gold pieces (gained 13).
A bat comes into view.
There is a faded altar of an unknown god here.
This altar belongs to (a) Hepliaklqana, (b) Zin or (c) Gozag, but you can't tell which.
Press the corresponding letter to learn more about a god, or press enter to convert or escape to cancel.
Hepliaklqana accepts your prayer! Hepliaklqana welcomes you!
Hepliaklqana forms a fragment of your life essence into the memory of your ancestor, Ku-aya!
You can now recall your ancestor.
You can now remember your ancestor's identity.
You take 3 damage, and have 18/18 hp.
A rat comes into view.
A rat is nearby!
You hit the rat.
You kill the rat!
No target in view!
No target in view!
You see here a rat corpse.
Found a spear.
A quokka comes into view.
A quokka is nearby!
A quokka is nearby!
You see here a +0 spear.
The quokka bites you.
You take 3 damage, and have 15/18 hp.
You hit the quokka. You grab the quokka. You squeeze the quokka.
You kill the quokka!
No target in view!
You see here a quokka corpse.
Found an escape hatch in the floor.
Health restored: 18
There is an escape hatch in the floor here.
You see here a rat corpse.
You swap places.
You pick up a book of Cantrips and begin reading...
You add the spells Necrotise, Summon Small Mammal and Apportation to your library.
You swap places.
e - 2 scrolls labelled TOJ VOCRORAFAWK (gained 1)
A bat is nearby!
Found a ring mail.
Found 4 stones.
The helpless bat fails to defend itself.
You impale the bat!!
You kill the bat!
A kobold comes into view. It is wielding a +0 short sword.
A kobold is nearby!
A jackal comes into view.
A jackal comes into view.
A jackal comes into view.
The jackal barks!
The kobold shouts!
The jackal barks!
You hit the jackal but do no damage. Your grab misses the jackal.
Your squeeze misses the jackal. The jackal barely misses you.
You hit the jackal. Your grab misses the jackal.
The jackal is moderately wounded.
The jackal misses you. The jackal bites you.
You take 2 damage, and have 16/18 hp.
You closely miss the jackal. Your grab misses the jackal.
The jackal is moderately wounded.
The jackal barely misses you. The jackal bites you.
The jackal closely misses you.
You take 2 damage, and have 14/18 hp.
You barely miss the jackal. Your grab misses the jackal.
You squeeze the jackal.
You kill the jackal!
The jackal bites you.
You take 2 damage, and have 12/18 hp.
You hit the kobold. You grab the kobold.
The kobold is severely wounded.
You constrict the kobold, but do no damage.
The jackal barely misses you.
The kobold hits you with a +0 short sword.
You take 5 damage, and have 7/18 hp.
MASSIVE DAMAGE!!
You are too injured to fight recklessly!
You are too injured to fight recklessly!
You are too injured to fight recklessly!
You hit the jackal but do no damage. You grab the jackal.
You constrict the kobold, but do no damage.
You constrict the jackal. The jackal closely misses you.
The kobold barely misses you.
You hit the kobold.
You kill the kobold!
You constrict the jackal. The jackal bites you.
* * * LOW HITPOINT WARNING * * *
The jackal bites you.
* * * LOW HITPOINT WARNING * * *
You take 5 damage, and have 3/18 hp.
MASSIVE DAMAGE!!
You release your grip on the jackal.
The jackal attacks as you move away! The jackal closely misses you.
Ku-aya hits the jackal.
You barely miss the jackal. You grab the jackal.
Your squeeze misses the jackal.
The jackal is heavily wounded.
You constrict the jackal. The jackal bites you.
You die...

#.###...........##.#
..
#..##....#####.###
#..##..[.........#
#..##.....####.#.#
#####..####.#. #.#.#
......♣♣ #. .# #.#.#
#####♣.♣ #. ##.#.#
♣♣♣♣ ♣.♣♣ ###..#.#
...♣ ♣♣.♣♣ #R@....#
♣♣.♣♣♣♣..♣ #h###..#
♣♣.....8♣#...)h# ..#
♣♣♣.⌠.._♣###.#.# .##
♣♣.†....8♣ #..... .#
...♣♣♣♣..♣... ... ##
♣♣♣..♣...♣##...###
#..♣♣..♣♣ # .#
##..♣..♣♣ #.


You could see the friendly Ku-aya the ancestor and 2 jackals.

Vanquished Creatures
  2 ball pythons (D:1)
  3 endoplasms (D:1)
  A giant cockroach (D:1)
  A jackal (D:1)
  3 quokkas (D:1)
  2 bats (D:1)
  A frilled lizard (D:1)
  A kobold (D:1)
  3 rats (D:1)
17 creatures vanquished.

Notes
Turn   | Place    | Note
-------+----------+-------------------------------------------
     0 | D:1      | mdonais the Octopode Brigand began the quest for the Orb.
     0 | D:1      | Reached XP level 1. HP: 14/14 MP: 1/1
   164 | D:1      | Reached XP level 2. HP: 20/20 MP: 2/2
   234 | D:1      | Found a faded altar of an unknown god.
   271 | D:1      | Prayed at the altar of an unknown god.
   271 | D:1      | Became a worshipper of Hepliaklqana the Forgotten
   271 | D:1      | Reached * piety under Hepliaklqana
   437 | D:1      | Slain by a jackal

Illustrated notes

Levels and vault maps discovered:
D:1:      dpeg_arrival_signposts, layout_loops_ring,
          shapermc_ecumenical_altar_totnotflames, minmay_misc_feat_alley

Skill      XL: |  1  2 |
---------------+-------+-----
Fighting       | 3 |  3.1
Short Blades   | |  2.0
Throwing       | |  2.0
Dodging        | |  1.0
Stealth        | |  5.3

Action                     || total
---------------------------++-------
  Melee: Dagger            ||    28
         Constrict         ||     8
         Tentacles         ||     4
         Punch             ||     1
   Stab: Sleeping          ||     6
  Dodge: Dodged            ||    18

Table legend: (Time is in decaauts)
 A = Elapsed time spent in this place.
 B = Non-inter-level travel time spent in this place.
 C = Inter-level travel time spent in this place.
 D = Time resting spent in this place.
 E = Time spent auto-exploring this place.
 F = Levels seen in this place.
 G = Mean time per level.
                   A        B        C        D        E       F      G
               +--------+--------+--------+--------+--------+-----+--------+
         Total |    434 |    434 |      0 |      0 |    319 |   1 |  434.0 |
       Dungeon |    434 |    434 |      0 |      0 |    319 |   1 |  434.0 |
               +--------+--------+--------+--------+--------+-----+--------+

Top non-repeatable levels by time:
     D:1: 434 daAuts
